2892 views
Uploaded 2020-02-12 19:23:39
Game version 1.32 / 1.32.1
10:53 long 2on2 ladder game on (4)LostTemple_LV
Saved by iggythefisk
2892 views
Uploaded 2020-02-12 19:23:39
Game version 1.32 / 1.32.1
10:53 long 2on2 ladder game on (4)LostTemple_LV


31 units @ 5.2k
/ 0.5k
21 buildings @ 3.3k
/ 1.2k


| Healing Salve | 1 | 100 |
| Lesser Clarity Potion | 1 | 70 |
| Potion of Healing | 1 | 150 |
| total: | 3 | 320g |
| Peon | 7 | 525 | / | 0 |
| Grunt | 9 | 1800 | / | 0 |
| Spirit Walker | 1 | 195 | / | 35 |
| Tauren | 2 | 560 | / | 160 |
| total: | 19 | 3080g | / | 195w |
| Watch Tower | 2 | 220 | / | 160 |
| Altar of Storms | 1 | 180 | / | 50 |
| Orc Burrow | 4 | 640 | / | 160 |
| Voodoo Lounge | 1 | 130 | / | 30 |
| Barracks | 1 | 180 | / | 50 |
| War Mill | 1 | 205 | / | 0 |
| Tauren Totem | 2 | 270 | / | 310 |
| Stronghold | 2 | 630 | / | 380 |
| Fortress | 1 | 325 | / | 190 |
| total: | 12 | 1825g | / | 760w |
| 0:03 | Peon |
| 0:03 | Peon |
| 0:06 | Peon |
| 0:09 | Altar of Storms |
| 0:22 | Orc Burrow |
| 0:44 | Peon |
| 0:52 | Peon |
| 1:05 | Voodoo Lounge |
| 1:09 | Peon |
| 1:22 | Barracks |
| 1:28 | Peon |
| 1:49 | Orc Burrow |
| 2:09 | Healing Salve |
| 2:09 | Lesser Clarity Potion |
| 2:22 | Wind Walk |
| 2:25 | Grunt |
| 2:31 | Grunt |
| 3:02 | Stronghold |
| 3:27 | Grunt |
| 3:49 | Orc Burrow |
| 4:03 | Grunt |
| 4:35 | Grunt |
| 4:51 | War Mill |
| 5:24 | Berserker Strength |
| 6:02 | Tauren Totem |
| 6:11 | Critical Strike |
| 6:22 | Grunt |
| 6:40 | Hex |
| 6:50 | Grunt |
| 6:58 | Fortress |
| 7:17 | Spirit Walker Adept Training |
| 7:21 | Orc Burrow |
| 7:50 | Grunt |
| 8:22 | Grunt |
| 8:34 | Spirit Walker |
| 8:38 | Tauren Totem |
| 8:57 | Potion of Healing |
| 9:08 | Spiked Barricades |
| 9:12 | Watch Tower |
| 9:15 | Watch Tower |
| 9:55 | Tauren |
| 9:59 | Tauren |
| Right click | 387 |
| Select group | 230 |
| Select | 187 |
| Build/train/purchase | 49 |
| Assign group | 20 |
| Misc. action | 14 |
| Use ability | 12 |
| Esc | 3 |
| Minimap ping | 1 |


| Rod of Necromancy | 4 | 600 |
| Potion of Healing | 2 | 300 |
| Potion of Mana | 3 | 600 |
| Dust of Appearance | 1 | 75 |
| Scroll of Town Portal | 1 | 350 |
| Healing Salve | 1 | 100 |
| Scroll of Speed | 1 | 50 |
| total: | 13 | 2075g |
| Acolyte | 2 | 150 | / | 0 |
| Ghoul | 2 | 240 | / | 0 |
| Crypt Fiend | 8 | 1720 | / | 320 |
| total: | 12 | 2110g | / | 320w |
| Nerubian Tower | 2 | 200 | / | 40 |
| Altar of Darkness | 1 | 180 | / | 50 |
| Ziggurat | 4 | 600 | / | 200 |
| Crypt | 1 | 200 | / | 50 |
| Graveyard | 1 | 215 | / | 0 |
| Tomb of Relics | 1 | 130 | / | 30 |
| Slaughterhouse | 1 | 140 | / | 135 |
| Halls of the Dead | 3 | 960 | / | 630 |
| total: | 9 | 1465g | / | 465w |
| 0:03 | Acolyte |
| 0:07 | Altar of Darkness |
| 0:10 | Ziggurat |
| 0:18 | Acolyte |
| 0:32 | Crypt |
| 1:03 | Graveyard |
| 1:19 | Tomb of Relics |
| 1:35 | Ghoul |
| 1:43 | Ziggurat |
| 1:52 | Ghoul |
| 2:06 | Death Coil |
| 2:26 | Rod of Necromancy |
| 2:26 | Rod of Necromancy |
| 2:27 | Rod of Necromancy |
| 2:28 | Crypt Fiend |
| 2:37 | Nerubian Tower |
| 3:00 | Crypt Fiend |
| 3:35 | Crypt Fiend |
| 3:39 | Ziggurat |
| 3:49 | Unholy Aura |
| 4:18 | Rod of Necromancy |
| 4:33 | Halls of the Dead |
| 4:40 | Dust of Appearance |
| 4:49 | Crypt Fiend |
| 5:22 | Crypt Fiend |
| 6:05 | Healing Salve |
| 6:07 | Potion of Healing |
| 6:08 | Scroll of Speed |
| 6:18 | Crypt Fiend |
| 6:47 | Crypt Fiend |
| 7:29 | Slaughterhouse |
| 7:53 | Death Coil |
| 8:04 | Crypt Fiend |
| 8:10 | Scroll of Town Portal |
| 8:11 | Frost Nova |
| 9:10 | Ziggurat |
| 9:12 | Potion of Mana |
| 9:16 | Potion of Mana |
| 9:39 | Potion of Healing |
| 9:54 | Potion of Mana |
| Right click | 591 |
| Select | 299 |
| Select group | 192 |
| Build/train/purchase | 63 |
| Assign group | 24 |
| Use ability | 24 |
| Misc. action | 17 |
| Item give/drop | 1 |
58 units @ 8.1k
/ 0.6k
30 buildings @ 4k
/ 1.6k


| Healing Salve | 2 | 200 |
| Lesser Clarity Potion | 1 | 70 |
| total: | 3 | 270g |
| Peon | 8 | 600 | / | 0 |
| Grunt | 11 | 2200 | / | 0 |
| Raider | 4 | 720 | / | 160 |
| Spirit Walker | 1 | 195 | / | 35 |
| total: | 24 | 3715g | / | 195w |
| Altar of Storms | 1 | 180 | / | 50 |
| Orc Burrow | 6 | 960 | / | 240 |
| Barracks | 1 | 180 | / | 50 |
| Voodoo Lounge | 1 | 130 | / | 30 |
| Beastiary | 1 | 145 | / | 140 |
| Tauren Totem | 1 | 135 | / | 155 |
| Stronghold | 1 | 315 | / | 190 |
| Fortress | 1 | 325 | / | 190 |
| total: | 11 | 1730g | / | 665w |
| 0:01 | Peon |
| 0:04 | Altar of Storms |
| 0:14 | Orc Burrow |
| 0:15 | Peon |
| 0:26 | Barracks |
| 0:36 | Peon |
| 0:53 | Peon |
| 1:02 | Peon |
| 1:12 | Peon |
| 1:24 | Orc Burrow |
| 1:32 | Grunt |
| 1:39 | Peon |
| 1:47 | Peon |
| 2:04 | Wind Walk |
| 2:14 | Voodoo Lounge |
| 2:21 | Grunt |
| 3:26 | Stronghold |
| 3:27 | Grunt |
| 3:46 | Healing Salve |
| 3:48 | Healing Salve |
| 3:49 | Lesser Clarity Potion |
| 3:59 | Orc Burrow |
| 4:20 | Grunt |
| 5:06 | Grunt |
| 5:34 | Critical Strike |
| 5:50 | Berserker Strength |
| 5:54 | Beastiary |
| 6:17 | Grunt |
| 6:45 | Grunt |
| 6:57 | Hex |
| 7:08 | Ensnare |
| 7:09 | Orc Burrow |
| 8:31 | Raider |
| 8:32 | Grunt |
| 9:03 | Orc Burrow |
| 9:04 | Fortress |
| 9:08 | Orc Burrow |
| 9:13 | Tauren Totem |
| 9:56 | Healing Wave |
| 10:10 | Wind Walk |
| 10:13 | Grunt |
| 10:13 | Raider |
| 10:29 | Raider |
| 10:29 | Grunt |
| 10:46 | Healing Wave |
| 10:48 | Grunt |
| 10:49 | Raider |
| 10:50 | Spirit Walker |
| 10:51 | Spirit Walker Adept Training |
| Right click | 734 |
| Select group | 366 |
| Assign group | 284 |
| Select | 156 |
| Chat | 60 |
| Build/train/purchase | 56 |
| Misc. action | 38 |
| Use ability | 22 |
| Remove unit | 3 |
| Item give/drop | 2 |


| Peasant | 16 | 1200 | / | 0 |
| Footman | 4 | 540 | / | 0 |
| Rifleman | 10 | 2050 | / | 300 |
| Priest | 1 | 135 | / | 10 |
| Sorceress | 3 | 465 | / | 60 |
| total: | 34 | 4390g | / | 370w |
| Scout Tower | 1 | 30 | / | 20 |
| Arcane Tower | 1 | 70 | / | 50 |
| Altar of Kings | 1 | 180 | / | 50 |
| Barracks | 2 | 320 | / | 120 |
| Farm | 11 | 880 | / | 220 |
| Town Hall | 1 | 385 | / | 205 |
| Blacksmith | 1 | 140 | / | 60 |
| Arcane Sanctum | 2 | 300 | / | 280 |
| Keep | 1 | 320 | / | 210 |
| total: | 19 | 2235g | / | 955w |
| 0:00 | Peasant |
| 0:05 | Altar of Kings |
| 0:07 | Peasant |
| 0:16 | Barracks |
| 0:17 | Peasant |
| 0:28 | Farm |
| 0:33 | Peasant |
| 0:46 | Farm |
| 0:49 | Peasant |
| 1:14 | Peasant |
| 1:19 | Footman |
| 1:22 | Peasant |
| 1:29 | Farm |
| 1:42 | Footman |
| 1:52 | Peasant |
| 2:04 | Footman |
| 2:06 | Summon Water Elemental |
| 2:20 | Peasant |
| 2:53 | Brilliance Aura |
| 3:02 | Town Hall |
| 3:06 | Peasant |
| 3:08 | Farm |
| 3:25 | Scout Tower |
| 3:26 | Peasant |
| 3:46 | Peasant |
| 4:39 | Peasant |
| 4:39 | Peasant |
| 4:41 | Keep |
| 4:41 | Footman |
| 4:54 | Blacksmith |
| 5:09 | Barracks |
| 5:23 | Summon Water Elemental |
| 5:35 | Arcane Tower |
| 6:25 | Rifleman |
| 6:28 | Farm |
| 6:54 | Rifleman |
| 6:56 | Black Gunpowder |
| 7:04 | Arcane Sanctum |
| 7:06 | Arcane Sanctum |
| 7:13 | Rifleman |
| 7:13 | Rifleman |
| 7:20 | Peasant |
| 7:24 | Farm |
| 7:25 | Farm |
| 7:26 | Farm |
| 7:56 | Priest |
| 7:57 | Sorceress |
| 8:00 | Rifleman |
| 8:01 | Rifleman |
| 8:05 | Storm Bolt |
| 8:08 | Brilliance Aura |
| 8:14 | Rifleman |
| 8:15 | Rifleman |
| 8:18 | Sorceress |
| 8:24 | Farm |
| 9:09 | Sorceress |
| 9:10 | Rifleman |
| 9:51 | Rifleman |
| 9:56 | Peasant |
| 10:09 | Farm |
| 10:10 | Farm |
| Right click | 761 |
| Select | 387 |
| Select group | 362 |
| Assign group | 70 |
| Build/train/purchase | 65 |
| Misc. action | 21 |
| Minimap ping | 5 |
| Use ability | 4 |
| Remove unit | 2 |
โ